 Dungeon Crawl Stone Soup version 0.30-a0-1018-g25214051b3 (webtiles) character file.

Game seed: 6355387772079418080

3389 Nepie the Thaumaturge (level 9, -2/48 HPs)
             Began as a Deep Elf Necromancer on Apr 7, 2023.
             Was a Follower of Kikubaaqudgha.
             Slain by a yak (10 damage)
             ... on level 9 of the Dungeon.
             The game lasted 00:24:26 (8974 turns).

Nepie the Thaumaturge (Deep Elf Necromancer)        Turns: 8974, Time: 00:24:27

Health: -2/48      AC:  4    Str:  5    XL:     9   Next: 74%
Magic:  0/26       EV: 13    Int: 31    God:    Kikubaaqudgha [*.....]
Gold:   355        SH:  0    Dex: 15    Spells: 23/31 levels left

rFire   + . .      SeeInvis +    x - +2 dagger (venom)
rCold   . . .      Faith    .    (no shield)
rNeg    . . .      Spirit   +    a - +0 robe
rPois   .          Reflect  .    (helmet restricted)
rElec   .          Rampage  .    s - scarf {harm}
rCorr   .          Harm     + .  (no gloves)
Will    .....                    j - +1 pair of boots
Stlth   ++                       C - amulet of guardian spirit
HPRegen 0.28/turn                g - +6 ring of intelligence
MPRegen 0.20/turn                t - ring of see invisible

@: brilliant
A: horns 1, fire resistance 1, noise suppression
a: Renounce Religion, Unearth Wretches


You were on level 9 of the Dungeon.
You worshipped Kikubaaqudgha.
Kikubaaqudgha was aware of your devotion.
You visited 2 branches of the dungeon, and saw 11 of its levels.

You collected 358 gold pieces.
You spent 3 gold pieces at shops.

Inventory:

Hand Weapons
 x - a +2 dagger of venom (weapon)
 z - a -2 triple crossbow
 A - a -3 demon trident
 B - a -3 executioner's axe
Armour
 a - a +0 robe (worn)
 j - a +1 pair of boots (worn)
 s - a scarf of harm (worn)
Jewellery
 g - a +6 ring of intelligence (left hand)
 t - a ring of see invisible (right hand)
 C - an amulet of guardian spirit (around neck)
 H - a ring of protection from fire
Wands
 l - a wand of paralysis (14)
 v - a wand of polymorph (17)
 D - a wand of mindburst (7)
 E - a wand of quicksilver (13)
Scrolls
 c - 3 scrolls of magic mapping
 e - 2 scrolls of identify
 h - 4 scrolls of teleportation
 u - 2 scrolls of amnesia
 y - 2 scrolls of blinking
 G - a scroll of enchant weapon
Potions
 b - a potion of brilliance
 i - 5 potions of curing
 n - a potion of resistance
 o - 2 potions of degeneration
 p - a potion of heal wounds
 q - a potion of attraction
 w - a potion of might
 F - a potion of flight
 I - 2 potions of cancellation


   Skills:
 + Level 2.1 Fighting
 + Level 2.9 Short Blades
 + Level 4.3 Dodging
 + Level 3.1 Stealth
 + Level 11.9 Spellcasting
 + Level 11.8 Necromancy


You had 23 spell levels left.
You knew the following spells:

 Your Spells              Type           Power      Damage    Failure   Level
a - Necrotise             Necr           100%       1d9       1%          1
b - Vampiric Draining     Necr           95%        2d12      1%          3
c - Animate Dead          Necr           95%        N/A       1%          4

Your spell library contained the following spells:

 Spells                   Type           Power      Damage    Failure   Level
 Cigotuvi's Dreadful Rot  Necr/Pois/Air  100%       N/A       1%          2
 Sublimation of Blood     Necr           95%        N/A       1%          2
 Agony                    Necr           95%        N/A       1%          5
 Sting                    Tmut/Pois      100%       1d8       2%          1
 Blink                    Tloc           54%        N/A       4%          2
 Lesser Beckoning         Tloc           54%        N/A       4%          2
 Momentum Strike          Conj/Tloc      54%        3d9       4%          2
 Poisonous Vapours        Pois/Air       54%        N/A       4%          2
 Dazzling Flash           Conj/Hex       54%        N/A       9%          3
 Tukima's Dance           Hex            27%        N/A       9%          3
 Olgreb's Toxic Radiance  Pois           27%        N/A       26%         4
 Passage of Golubria      Tloc           27%        N/A       26%         4
 Silence                  Hex/Air        13%        N/A       58%         5
 Yara's Violent Unravell  Hex/Tmut       13%        3d7       58%         5


Dungeon Overview and Level Annotations

Branches:
Dungeon (10/15)            Temple (1/1) D:4
   Lair: D:8-11         Orc: D:9-12

Altars:
Ashenzari
Cheibriados
Dithmenos
Elyvilon
Fedhas
Hepliaklqana
Kikubaaqudgha
Makhleb
Nemelex Xobeh
Okawaru
Qazlal
Ru
Sif Muna
Trog
Uskayaw
Vehumet
Wu Jian
Xom
Yredelemnul
Zin
The Shining One

Shops:
D:4 (   D:5 *   D:6 *   D:8 [

Annotations:
D:3 Grimmtork's ghost, amateur HuBe


Innate Abilities, Weirdness & Mutations

You have a pair of small horns on your head.
Your flesh is heat resistant. (rF+)
You passively dampen the noise of your surroundings.


Message History

You hit the yak but do no damage.
The yak looks even sicker.
Your headbutt misses the yak.
The yak is lightly wounded.
Your yak skeleton barely misses the yak.
The yak gores you!
* * * LOW HITPOINT WARNING * * *
You feel much better. The yak gores you!
Your yak skeleton barely misses the yak.
You feel clever all of a sudden. The yak closely misses you.
Your yak skeleton gores the yak.
You hit the yak but do no damage.
The yak looks even sicker.
You punch the yak.
The yak is lightly wounded.
The yak barely misses you.
You hit the yak but do no damage.
The yak looks as sick as possible!
You headbutt the yak.
The yak is moderately wounded.
The yak gores you but does no damage.
You hit the yak.
The yak looks as sick as possible!
Your headbutt misses the yak.
The yak is moderately wounded.
The yak attacks as you move away! The yak barely misses you.
You kill the yak!
Kikubaaqudgha accepts your kill. The yak closely misses you.
You hit the yak but do no damage.
The yak is heavily wounded.
The yak gores you!
* * * LOW HITPOINT WARNING * * *
You hit the yak.
The yak is poisoned.
The yak is severely wounded.
The yak gores you!
* * * LOW HITPOINT WARNING * * *
Your yak skeleton closely misses the yak.
The yak attacks as you move away! The yak closely misses you.
You hit the yak.
The yak looks even sicker.
The yak is severely wounded.
The yak closely misses you. The yak attacks as you move away!
The yak gores you!
You die...
Kikubaaqudgha rasps: "You have failed me!
Welcome... death!"

.##.#...# #######..#.#..#
.}......###...[.#...)...#
.........##.....####.####
.....###........####.###
.....###.##.....#......#
##....Z.###.....#.##.#.#
#.#...†...######.##.#.#
#.#..#.##.######.#..#.#
#......##.#..ZY@...##.#
##.#...##Z#.####......#
#...#.##Y#.#####..####
###.#.##.#.##.....#
#...........##.##
########.#####.#
#.......# #########


You could see a yak (very poisoned, ally target) and a friendly yak skeleton.

Vanquished Creatures
  7 yaks
  2 steam dragons
  A sky beast (D:7)
  A black bear (D:6)
  2 ice beasts (D:7)
  An ogre (D:6)
  A centaur (D:6)
  A phantom (D:4)
  The ghost of Stil the Gusty, an amateur OpAE (D:3)
  Blork the orc (D:6)
  2 bullfrogs
  2 scorpions
  4 wights (D:8)
  2 howler monkeys
  A crimson imp (D:4)
  A gnoll bouda (D:5)
  3 hounds
  2 jellies
  An orc priest (D:8)
  A sleepcap (D:8)
  4 iguanas
  3 orc wizards
  4 adders
  13 gnolls
  A shadow imp (D:4)
  2 white imps (D:6)
  The ghost of PostNTower the Sneak, a weakling DgDe (D:3)
  4 dart slugs
  17 orcs
  4 endoplasms
  4 giant cockroaches
  3 hobgoblins (D:1)
  5 jackals
  3 quokkas
  5 ball pythons
  4 bats
  4 frilled lizards
  5 goblins
  2 goblin zombies (D:4)
  7 kobolds
  2 kobold skeletons (D:4)
  2 kobold zombies (D:4)
  An orc skeleton (D:4)
  2 rats (D:3)
139 creatures vanquished.

Vanquished Creatures (collateral kills)
  A yak (D:9)
  A gnoll (D:5)
  2 orcs
  A goblin (D:2)
  A ball python (D:1)
  A rat (D:1)
7 creatures vanquished.

Vanquished Creatures (others)
  3 fungi (D:9)
  5 plants (D:9)
  3 withered plants (D:3)
11 creatures vanquished.

Grand Total: 157 creatures vanquished

Notes
Turn   | Place    | Note
-------+----------+-------------------------------------------
     0 | D:1      | Nepie the Deep Elf Necromancer began the quest for the Orb.
     0 | D:1      | Reached XP level 1. HP: 10/10 MP: 6/6
    96 | D:1      | Reached skill level 5 in Necromancy
   379 | D:1      | Reached XP level 2. HP: 15/15 MP: 5/8
   960 | D:2      | Reached XP level 3. HP: 19/19 MP: 3/10
  1184 | D:2      | Found a faded altar of an unknown god.
  1473 | D:2      | Learned a level 3 spell: Vampiric Draining
  1512 | D:3      | Found a stormy altar of Qazlal.
  1899 | D:3      | Found a runed translucent gate.
  1935 | D:3      | Found a runed translucent gate.
  1936 | D:3      | Found a runed translucent gate.
  1938 | D:3      | Noticed Grimmtork's ghost (amateur HuBe)
  1938 | D:3      | Noticed PostNTower's ghost (weakling DgDe)
  1939 | D:3      | Noticed Stil's ghost (amateur OpAE)
  2045 | D:3      | Reached XP level 4. HP: 24/24 MP: 10/12
  2116 | D:3      | Learned a level 4 spell: Animate Dead
  2162 | D:3      | Gained mutation: You have hidden genetic defects. [potion
                  | of mutation]
  2162 | D:3      | Gained mutation: You have a pair of small horns on your
                  | head. [potion of mutation]
  2163 | D:3      | Lost mutation: You have a pair of small horns on your head.
                  | [potion of mutation]
  2163 | D:3      | Lost mutation: You have hidden genetic defects. [potion of
                  | mutation]
  2163 | D:3      | Gained mutation: You are weak. (Str -2) [potion of
                  | mutation]
  2163 | D:3      | Lost mutation: You are weak. (Str -2) [potion of mutation]
  2164 | D:3      | Gained mutation: You passively dampen the noise of your
                  | surroundings. [potion of mutation]
  2164 | D:3      | Gained mutation: You have a pair of small horns on your
                  | head. [potion of mutation]
  2164 | D:3      | Gained mutation: Your flesh is heat resistant. (rF+)
                  | [potion of mutation]
  2227 | D:3      | Killed Stil's ghost
  2228 | D:3      | Reached XP level 5. HP: 28/28 MP: 14/14
  2231 | D:3      | Killed PostNTower's ghost
  2252 | D:3      | HP: 1/28 [Grimmtork's ghost (6)]
  2583 | D:4      | Reached skill level 5 in Spellcasting
  2584 | D:4      | Noticed a phantom
  2613 | D:3      | Reached skill level 1 in Short Blades
  2763 | D:4      | Killed a phantom
  2764 | D:4      | Reached XP level 6. HP: 9/33 MP: 14/16
  3249 | D:4      | Found a glowing golden altar of the Shining One.
  3476 | D:4      | Found a staircase to the Ecumenical Temple.
  3870 | D:4      | Found Wabiym's Weapon Shoppe.
  3987 | Temple   | Entered the Ecumenical Temple
  4074 | Temple   | Became a worshipper of Kikubaaqudgha
  4171 | D:5      | Entered Level 5 of the Dungeon
  4214 | D:5      | Found a sacrificial altar of Ru.
  4299 | D:5      | Found Tyom's Assorted Antiques.
  4580 | D:5      | Reached XP level 7. HP: 37/37 MP: 14/18
  5051 | D:5      | Found a hazy altar of Hepliaklqana.
  5468 | D:6      | Found Mep Foo's Lightly-Used Armoury.
  5528 | D:6      | Found an iron altar of Okawaru.
  5578 | D:6      | Bought a -2 triple crossbow for 1 gold piece
  5578 | D:6      | Bought a -3 demon trident for 1 gold piece
  5578 | D:6      | Bought a -3 executioner's axe for 1 gold piece
  5773 | D:6      | HP: 1/37 [centaur/arrow (10)]
  5941 | D:6      | Noticed Blork the orc
  5950 | D:6      | Killed Blork the orc
  6009 | D:6      | Found a shadowy altar of Dithmenos.
  6017 | D:6      | Reached XP level 8. HP: 27/42 MP: 17/22
  6267 | D:6      | Found a glowing silver altar of Zin.
  6584 | D:7      | HP: 1/40 [gnoll/+0 halberd (13)]
  6936 | D:7      | Reached * piety under Kikubaaqudgha
  6936 | D:7      | Received a gift from Kikubaaqudgha
  6937 | D:7      | Reached skill level 1 in Fighting
  6937 | D:7      | Reached skill level 10 in Necromancy
  6947 | D:7      | Reached skill level 10 in Spellcasting
  7059 | D:7      | Reached XP level 9. HP: 44/47 MP: 10/25
  7368 | D:7      | Found a bloodstained altar of Trog.
  7441 | D:8      | Found Paodug's Antique Armour Emporium.
  7629 | D:8      | You fall into a shaft and drop 2 floors!
  7629 | D:10     | Entered Level 10 of the Dungeon
  7657 | D:10     | Found a burning altar of Makhleb.
  7657 | D:10     | Noticed a green death
  8388 | D:8      | Found an ornate altar of the Wu Jian Council.
  8551 | D:8      | Found a snail-covered altar of Cheibriados.
  8974 | D:9      | Slain by a yak

Illustrated notes

Levels and vault maps discovered:
D:1:      dpeg_arrival_central, layout_rooms, dk_noncrumbling_4
D:2:      layout_rooms, shapermc_ecumenical_altar_starsandcircs
D:3:      layout_rooms, nicolae_qazlal_scattered_showers,
          gammafunk_ghost_cemetery
D:4:      layout_cave_pods, nicolae_tso_besieged_by_evil,
          minmay_temple_entry_hall, kennysheep_decorative_pillar,
          minmay_shop_grid_forest, solitary_fountain, patterned_corridor
D:5:      layout_cave_pods, nicolae_ru_path_of_blood, kennysheep_little_box,
          serial_shops, shop
D:6:      layout_cave_pools, overflow_temple_1_default,
          mainiacjoe_overflow_concentric_impassable,
          nicolae_dithmenos_the_darkroom, minmay_shop_damaged,
          uniq_blork_the_orc
D:7:      layout_basic, mainiacjoe_overflow_alcove_1, st_stairs_1
D:8:      layout_loops_ring, cheibriados_altar_2, nzn_wu_jian_council_hall,
          serial_shops, nicolae_stop_n_shop_2
D:9:      layout_loops_cross, dpeg_oklobed_lair
D:10:     layout_roguey, makhleb_altar_promises_db, kennysheep_mini, uniq_erica,
          uniq_psyche
Temple:   zaba_magenta_temple

Skill      XL: |  1  2  3  4  5  6  7  8  9 |
---------------+----------------------------+-----
Necromancy     | 5 6 7 8 10 11 | 11.8
Spellcasting   | 4 5 6 8 10 11 | 11.9
Short Blades   | 1 2 |  2.9
Dodging        | 3 4 |  4.3
Stealth        | 3 |  3.1
Fighting       | 1 2 |  2.1

Action                     |  1- 3 |  4- 6 |  7- 9 || total
---------------------------+-------+-------+-------++-------
  Melee: Dagger            |       |   155 |    74 ||   229
         Headbutt          |       |    25 |    20 ||    45
         Punch             |       |     1 |     1 ||     2
   Cast: Necrotise         |    66 |    60 |   173 ||   299
         Animate Dead      |       |     2 |       ||     2
         Vampiric Draining |       |     1 |    12 ||    13
    Use: Scroll            |       |    19 |     8 ||    27
         Potion            |       |     6 |     6 ||    12
 Armour: Robe              |     2 |    26 |    14 ||    42
         Skin              |       |    27 |       ||    27
  Dodge: Dodged            |     4 |    76 |    90 ||   170

Table legend: (Time is in decaauts)
 A = Elapsed time spent in this place.
 B = Non-inter-level travel time spent in this place.
 C = Inter-level travel time spent in this place.
 D = Time resting spent in this place.
 E = Time spent auto-exploring this place.
 F = Levels seen in this place.
 G = Mean time per level.
                   A        B        C        D        E       F      G
               +--------+--------+--------+--------+--------+-----+--------+
         Total |   8944 |   8424 |    520 |      0 |   6915 |  11 |  813.1 |
       Dungeon |   8841 |   8367 |    474 |      0 |   6865 |  10 |  884.1 |
        Temple |    102 |     56 |     46 |      0 |     50 |   1 |  102.0 |
               +--------+--------+--------+--------+--------+-----+--------+

Top non-repeatable levels by time:
     D:4: 1405 daAuts
     D:6: 1255 daAuts
     D:3: 1176 daAuts
     D:5: 1123 daAuts
     D:8: 1041 daAuts
     D:7: 980 daAuts
     D:1: 814 daAuts
     D:2: 673 daAuts
     D:9: 338 daAuts
  Temple: 102 daAuts
    D:10: 32 daAuts
